 Dungeon Crawl Stone Soup version 0.31-a0-640-g39d97e502b (webtiles) character file.

Game seed: 1426991855607396078

1346 qw the Skirmisher (level 8, -1/51 HPs)
             Began as a Gargoyle Hunter on Aug 27, 2023.
             Slain by a wyvern (6 damage)
             ... on level 5 of the Dungeon.
             The game lasted 00:02:24 (4758 turns).

qw the Skirmisher (Gargoyle Hunter)                 Turns: 4758, Time: 00:02:24

Health: -1/51      AC: 11    Str: 14    XL:     8   Next: 62%
Magic:  8/8        EV: 11    Int: 11    God:
Gold:   228        SH:  0    Dex: 15    Spells: 7/7 levels left

rFire   . . .        h - +0 orcbow
rCold   . . .        (shield currently unavailable)
rNeg    + . .        c - +0 ring mail of Vlad {rPois Will+}
rPois   inf          (no helmet)
rElec   +            (no cloak)
rCorr   .            (no gloves)
SInv    .            (no boots)
Will    +....        (no amulet)
Stlth   +            (no ring)
HPRegen 0.28/turn    (no ring)
MPRegen 0.11/turn

%: no passive effects
@: no status effects
A: sickness immunity, AC +5, negative energy resistance 1, electricity
resistance, torment resistance 1, petrification resistance
a: no special abilities


You were on level 5 of the Dungeon.
You visited 2 branches of the dungeon, and saw 6 of its levels.
You also visited: Sewer.

You collected 228 gold pieces.


Innate Abilities, Weirdness & Mutations

You are immune to sickness and miasma.
Your stone body is resilient. (AC +5)
You are immune to poison.
You resist negative energy. (rN+)
You are resistant to electric shocks. (rElec)
You are resistant to unholy torment.
You are immune to petrification.


   Skills:
 - Level 6.1 Fighting
 + Level 9.0 Ranged Weapons
 - Level 2.5 Armour
 - Level 2.6 Dodging
 - Level 1.1 Stealth


You had 7 spell levels left.
You didn't know any spells.
Your spell library was empty.

Inventory:

Hand Weapons
 h - a +0 orcbow (weapon)
Armour
 c - the +0 ring mail of Vlad (worn) {rPois Will+}
   (You found it in a sewer)

   rPois:     It protects you from poison Will+: It increases your willpower.
 d - a +2 leather armour of cold resistance
Jewellery
 g - a ring of protection from fire
Scrolls
 b - 3 scrolls of identify
Potions
 a - 3 potions of might
 e - 3 potions of curing
 f - 2 potions of enlightenment

Dungeon Overview and Level Annotations

Branches:
Dungeon (5/15)             Temple (1/1) D:5           Sewer (visited)

Altars:
Fedhas
Gozag
Kikubaaqudgha
Nemelex Xobeh
Qazlal
Ru
Sif Muna
Trog
Uskayaw
Vehumet
The Shining One

Annotations:
D:3 1 runed translucent door, Crazy Yiuf


Message History

You shoot an arrow. The arrow barely misses the ogre.
The ogre hits you with a +0 giant club!
You shoot an arrow. The arrow hits the ogre.
The ogre is severely wounded.
The ogre closely misses you.
You shoot an arrow. The arrow hits the ogre!
You kill the ogre!
Your Armour skill increases to level 2!
You start resting.
A wyvern comes into view.
You shoot an arrow. The arrow closely misses the wyvern.
The wyvern hisses angrily.
You shoot an arrow. The arrow hits the wyvern.
The wyvern is lightly wounded.
You shoot an arrow. The arrow closely misses the wyvern.
The wyvern barely misses you.
You shoot an arrow. The arrow closely misses the wyvern.
The wyvern bites you but does no damage. x2
You shoot an arrow. The arrow barely misses the wyvern.
The wyvern bites you.
You shoot an arrow. The arrow completely misses the wyvern.
The wyvern bites you but does no damage.
The wyvern closely misses you.
You shoot an arrow.
The arrow hits the wyvern but does no damage.
The wyvern is lightly wounded.
The wyvern misses you. The wyvern bites you!
You shoot an arrow. The arrow closely misses the wyvern.
The wyvern barely misses you.
You shoot an arrow. The arrow hits the wyvern.
The wyvern is moderately wounded.
The wyvern bites you. The wyvern closely misses you.
You shoot an arrow. The arrow hits the wyvern.
The wyvern is moderately wounded.
The wyvern bites you! The wyvern bites you.
You shoot an arrow.
The arrow hits the wyvern but does no damage.
The wyvern is moderately wounded.
The wyvern bites you.
You die...

.##.< ... .# ... ..##
#.# #....
####..######### .:..$
...)..#...#...# ....#
.)..#.#.#.#.#)# #)..##
..#.###.#...#.###l....##
..#.....#####...@.......
..#.....#####....)......
..#.###.#...#.####......
.###..#.#.#.#.# ......
......#...#.#(# .....
.##...######### ....#
.###........ ...#
..#......... ....
............


You could see a wyvern.

Vanquished Creatures
  Sigmund (D:3)
  A water moccasin (D:3)
  Pargi (Sewer)
  A black bear (D:5)
  3 ogres
  2 jellies (D:5)
  5 orc priests
  A hound (D:5)
  2 sleepcaps
  Terence (D:3)
  An orc wizard (D:5)
  Ijyb (D:5)
  9 adders
  8 river rats (D:5)
  An ufetubus (D:5)
  3 worms
  A dart slug (D:3)
  18 orcs
  9 endoplasms
  4 giant cockroaches
  15 goblins
  3 hobgoblins
  4 jackals (D:1)
  11 quokkas
  11 ball pythons
  7 bats
  10 frilled lizards
  4 kobolds
  16 rats
154 creatures vanquished.

Notes
Turn   | Place    | Note
-------+----------+-------------------------------------------
     0 | D:1      | qw the Gargoyle Hunter began the quest for the Orb.
     0 | D:1      | Reached XP level 1. HP: 12/12 MP: 1/1
     0 | D:1      | 0 ||| qw: Version: 0.3-a-74-g0d5e918
     0 | D:1      | 0 ||| qw: Game counter: 58
     0 | D:1      | 0 ||| qw: Melee chars always use a shield: true
     0 | D:1      | 0 ||| qw: God list: Okawaru
     0 | D:1      | 0 ||| qw: Allow faded altars: false
     0 | D:1      | 0 ||| qw: Do Orc after clearing Dungeon:15 true
     0 | D:1      | 0 ||| qw: Do second Lair branch before Depths: true
     0 | D:1      | 0 ||| qw: Lair rune preference: random
     0 | D:1      | 0 ||| qw: Goals: Normal
     0 | D:1      | 0 ||| PLANNING D:1-11
    17 | D:1      | 17 ||| RETREATING.
    19 | D:1      | 19 ||| Stepping ~*~*~tactically~*~*~ (retreating).
    32 | D:1      | HP: 1/12 [jackal (3)]
    33 | D:1      | Reached XP level 2. HP: 2/17 MP: 2/2
    37 | D:1      | HP: 2/17 [frilled lizard (2)]
   131 | D:1      | Found a faded altar of an unknown god.
   386 | D:1      | Reached XP level 3. HP: 21/21 MP: 3/3
   401 | D:1      | Reached skill level 5 in Ranged Weapons
   663 | D:1      | 663 ||| UPGRADING to +0 ring mail.
   673 | D:1      | 673 ||| DROPPING +0 leather armour.
   674 | D:1      | 674 ||| DROPPING scroll of butterflies.
   725 | D:2      | Reached skill level 1 in Armour
   993 | D:2      | Reached XP level 4. HP: 27/27 MP: 4/4
  1033 | D:2      | Reached skill level 3 in Fighting
  1430 | D:2      | 1430 ||| READING scroll labelled DAWANU VUSYO.
  1431 | D:2      | 1431 ||| READING 3 scrolls labelled TONEKU QUNUD.
  1436 | D:2      | 1436 ||| READING scroll labelled POKACVY ONTAT.
  1437 | D:2      | 1437 ||| DRINKING 3 clear potions.
  1483 | D:3      | Found a runed translucent door.
  1484 | D:3      | Noticed Crazy Yiuf
  1510 | D:3      | Noticed a water moccasin
  1515 | D:3      | HP: 6/28 [water moccasin (4)]
  1516 | D:3      | 1516 ||| READING 2 scrolls of teleportation.
  1635 | D:3      | Noticed Sigmund
  1649 | D:3      | 1649 ||| DRINKING 2 potions of curing.
  1649 | D:3      | 1649 ||| (to cure confusion)
  1650 | D:3      | Killed Sigmund
  1651 | D:3      | Reached skill level 6 in Ranged Weapons
  1651 | D:3      | Reached XP level 5. HP: 17/32 MP: 5/5
  1651 | D:3      | Reached XP level 6. HP: 20/37 MP: 6/6
  1652 | D:3      | Noticed Terence
  1664 | D:3      | Killed Terence
  1906 | D:3      | HP: 9/37 [water moccasin (2)]
  1907 | D:3      | 1907 ||| READING scroll of teleportation.
  2151 | D:3      | 2151 ||| FLEEEEING.
  2158 | D:3      | 2158 ||| STAIRDANCE
  2225 | D:2      | 2225 ||| READING scroll labelled VYXAYMA RINGAE.
  2226 | D:2      | 2226 ||| READING scroll labelled ACEGAU YTIS.
  2227 | D:2      | 2227 ||| DRINKING 2 smoky emerald potions.
  2312 | D:3      | Killed a water moccasin
  2313 | D:3      | Reached skill level 7 in Ranged Weapons
  2313 | D:3      | Reached XP level 7. HP: 30/44 MP: 7/7
  2393 | D:3      | Found a hide-covered altar of Uskayaw.
  2794 | D:3      | 2794 ||| READING scroll labelled VOMEWE LAUTWET.
  2822 | D:4      | 2822 ||| PLANNING SEWER
  2852 | D:4      | HP: 8/44 [orc priest/+0 flail (5)]
  2881 | D:4      | 2881 ||| FLEEEEING.
  2891 | D:4      | 2891 ||| STAIRDANCE
  3424 | D:4      | Found a glowing drain.
  3426 | D:4      | 3426 ||| DRINKING 2 smoky dark potions.
  3427 | D:4      | 3427 ||| DRINKING 4 fuming puce potions.
  3472 | D:4      | 3472 ||| DROPPING 3 potions of lignification.
  3486 | Sewer    | Entered a sewer
  3498 | Sewer    | 3498 ||| Stepping ~*~*~tactically~*~*~ (water).
  3535 | Sewer    | Identified the +0 ring mail of Vlad {rPois Will+}
  3563 | Sewer    | Noticed Pargi
  3586 | Sewer    | Killed Pargi
  3587 | Sewer    | Reached skill level 8 in Ranged Weapons
  3694 | Sewer    | 3694 ||| Stepping ~*~*~tactically~*~*~ (water).
  3720 | Sewer    | 3720 ||| UPGRADING to +0 ring mail of Vlad {rPois Will+}.
  3730 | Sewer    | 3730 ||| DROPPING +0 ring mail.
  3731 | Sewer    | 3731 ||| READING scroll labelled NENARU ZURGH.
  3732 | Sewer    | 3732 ||| READING scroll labelled KICENTIECK.
  3745 | D:4      | 3745 ||| PLANNING D:1-11
  3901 | D:5      | Entered Level 5 of the Dungeon
  3988 | D:5      | Found a staircase to the Ecumenical Temple.
  3989 | D:5      | 3989 ||| PLANNING TEMPLE
  3995 | Temple   | Entered the Ecumenical Temple
  3996 | Temple   | 3996 ||| PLANNING D:1-11
  4032 | D:5      | Reached XP level 8. HP: 40/49 MP: 8/8
  4065 | D:5      | 4065 ||| FLEEEEING.
  4072 | D:5      | 4072 ||| FLEEEEING.
  4073 | D:5      | 4073 ||| FLEEEEING.
  4074 | D:5      | 4074 ||| FLEEEEING.
  4075 | D:5      | 4075 ||| FLEEEEING.
  4076 | D:5      | 4076 ||| FLEEEEING.
  4077 | D:5      | 4077 ||| FLEEEEING.
  4084 | D:5      | 4084 ||| FLEEEEING.
  4085 | D:5      | 4085 ||| FLEEEEING.
  4086 | D:5      | 4086 ||| FLEEEEING.
  4087 | D:5      | 4087 ||| FLEEEEING.
  4204 | D:5      | 4204 ||| FLEEEEING.
  4267 | D:5      | Found a sacrificial altar of Ru.
  4311 | D:5      | Reached skill level 9 in Ranged Weapons
  4321 | D:5      | 4321 ||| FLEEEEING.
  4665 | D:5      | 4665 ||| SWAPPING to +0 orcbow.
  4666 | D:5      | 4666 ||| DROPPING +1 shortbow.
  4710 | D:5      | Noticed Ijyb
  4719 | D:5      | Killed Ijyb
  4720 | D:5      | Reached skill level 6 in Fighting
  4747 | D:5      | Noticed a wyvern
  4757 | D:5      | HP: 7/51 [wyvern (15)]
  4758 | D:5      | Slain by a wyvern

Levels and vault maps discovered:
D:1:      wander_arrival_chamber, layout_basic, basic_ecumenical_altar
D:2:      layout_basic, grunt_decor_one_mirror
D:3:      layout_basic, mainiacjoe_overflow_six_doors_small,
          minmay_ogre_servants, uniq_crazy_yiuf_cottage, uniq_sigmund,
          uniq_terence
D:4:      layout_cave_pools, cheibrodos_sewer_entry_drain
D:5:      lemuel_ratsnest, layout_cave_pools, old_standard_altar,
          minmay_temple_entry_butterflies, minmay_crystal_water,
          bh_walls_and_bars, uniq_ijyb
Temple:   chequers_temple_sunken

Skill      XL: |  1  2  3  4  5  6  7  8 |
---------------+-------------------------+-----
Ranged Weapons | 5 6 7 8 9 |  9.0
Armour         | 1 2 |  2.5
Fighting       | 3 4 5 6 |  6.1
Dodging        | 2 |  2.6
Stealth        | |  1.1

Action                     |  1- 3 |  4- 6 |  7- 9 || total
---------------------------+-------+-------+-------++-------
   Fire: Shortbow          |   139 |   134 |   309 ||   582
         Orcbow            |       |       |    31 ||    31
    Use: Scroll            |       |     7 |     3 ||    10
         Potion            |       |     3 |     2 ||     5
 Armour: Leather armour    |    18 |       |       ||    18
         Ring mail         |    11 |    51 |   109 ||   171
  Dodge: Dodged            |    44 |    66 |    87 ||   197

Table legend:
 A = Non-vault XP
 B = Vault XP
 C = Vault XP percentage of total XP
 D = Non-vault monster count
 E = Vault monster count
 F = Vault count percentage of total count
                 A         B        C        D         E       F
            +---------+---------+-------+---------+---------+-------
      Total |    1101 |     822 |  42.7 |     102 |      52 |  33.8
            +---------+---------+-------+---------+---------+-------
        D:1 |      45 |       0 |   0.0 |      30 |       0 |   0.0
        D:2 |      72 |       0 |   0.0 |      18 |       0 |   0.0
        D:3 |     172 |     374 |  68.5 |      10 |      11 |  52.4
        D:4 |     173 |       6 |   3.4 |      27 |       2 |   6.9
        D:5 |     639 |     287 |  31.0 |      17 |      30 |  63.8
      Sewer |       0 |     155 | 100.0 |       0 |       9 | 100.0
            +---------+---------+-------+---------+---------+-------
